 Dungeon Crawl Stone Soup version 0.27-a0-679-g77a6b55cf3 (webtiles) character file.

Game seed: 18030457379986618428

16 kae the Ruffian (level 2, 0/25 HPs)
             Began as a Naga Transmuter on Mar 18, 2021.
             Slain by a kobold
             ... wielding a +0 short sword
              (6 damage)
             ... on level 1 of the Dungeon.
             The game lasted 00:00:25 (822 turns).

kae the Ruffian (Naga Transmuter)                    Turns: 822, Time: 00:00:25

Health: 0/25       AC:  1    Str: 12    XL:     2   Next: 54%
Magic:  5/5        EV: 10    Int: 13    God:
Gold:   18         SH:  0    Dex: 11    Spells: 4/5 levels left

rFire    . . .     SeeInvis +     - Unarmed
rCold    . . .     Faith    .   (no shield)
rNeg     . . .     Spirit   .   a - +0 robe
rPois    +         Reflect  .   (helmet currently unavailable)
rElec    .         Harm     .   (no cloak)
rCorr    .         Rampage  .   (no gloves)
Will     .....                  (no barding)
Stlth    +.........             (no amulet)
HPRegen  0.08/turn              (no ring)
MPRegen  0.09/turn              (no ring)

@: appendages (expiring), very slow
A: horns 2, AC +0, large, see invisible, deformed body, poison resistance,
slowness 2, spit poison 1, naga tail 1
a: Spit Poison, End Transformation


You were on level 1 of the Dungeon.
You had temporarily grown beastly horns.
You visited 1 branch of the dungeon, and saw 1 of its levels.

You collected 18 gold pieces.

Inventory:

Armour
 a - a +0 robe (worn)
Scrolls
 b - a scroll of fog {unknown}


   Skills:
 + Level 1.2 Fighting
 + Level 1.7 Dodging
 * Level 3.2 Unarmed Combat
 + Level 2.1 Spellcasting
 * Level 2.3 Transmutations


You had 4 spell levels left.
You knew the following spells:

 Your Spells              Type           Power      Damage    Failure   Level
a - Beastly Appendage     Tmut           14%        N/A       10%         1

Your spell library contained the following spells:

 Spells                   Type           Power      Damage    Failure   Level
 Wereblood                Tmut           7%         N/A       14%         2
 Spider Form              Tmut/Pois      2%         N/A       43%         3
 Ice Form                 Ice/Tmut       4%         N/A       83%         4
 Blade Hands              Tmut           3%         N/A       95%         5


Dungeon Overview and Level Annotations

Branches:
Dungeon (1/15)

Altars:


Innate Abilities, Weirdness & Mutations

You have temporarily grown beastly horns.
Your serpentine skin is tough. (AC +0)
You have supernaturally acute eyesight. (SInv)
Armour fits poorly on your strangely shaped body.
Your system is resistant to poisons. (rPois)
You cover ground very slowly.
You can spit poison.
You have a snake-like lower body.


Message History

A quokka comes into view.
A quokka is nearby!
A quokka is nearby!
Casting: Beastly Appendage (safe; 10% risk of failure)
Confirm with . or Enter, or press ? or * to list all spells.
You grow a pair of large bovine horns.
A kobold comes into view. It is wielding a +0 short sword.
The kobold shouts!
The quokka bites you.
Found a stone staircase leading down.
Abil: Spit Poison
Press: ? - help, Q - select action, (/) - cycle Shift-Dir - straight line, f - quokka
Aim: a quokka The splash of poison hits the quokka!
The quokka is poisoned.
You kill the quokka!
A kobold is nearby!
Your transformation is almost over.
The kobold hits you with a +0 short sword.
You see here a quokka corpse.
You are too injured to fight recklessly!
A kobold is nearby!
A kobold is nearby!
You are too injured to fight recklessly!
You are too injured to fight recklessly!
A kobold is nearby!
You are too injured to fight recklessly!
You are too injured to fight recklessly!
You hit the kobold but do no damage.
You have got your breath back.
The kobold hits you but does no damage.
You hit the kobold but do no damage.
The kobold hits you with a +0 short sword.
You hit the kobold but do no damage. Your headbutt misses the kobold.
The kobold barely misses you.
You closely miss the kobold.
The kobold hits you with a +0 short sword.
* * * LOW HITPOINT WARNING * * *
You barely miss the kobold.
The kobold hits you with a +0 short sword.
You die...

################
.>....K@.......#
######
#.############.##
#....# #..#
#....#
#######.###....#
..........'....'
#######.###....#
#.# #....# #.#
###### #.##


You could see a kobold.

Vanquished Creatures
  A dart slug (D:1)
  A leopard gecko (D:1)
  3 bats (D:1)
  2 goblins (D:1)
  A hobgoblin (D:1)
  A quokka (D:1)
  A ball python (D:1)
  A frilled lizard (D:1)
  A rat (D:1)
12 creatures vanquished.

Notes
Turn   | Place    | Note
-------+----------+-------------------------------------------
     0 | D:1      | kae the Naga Transmuter began the quest for the Orb.
     0 | D:1      | Reached XP level 1. HP: 18/18 MP: 3/3
   459 | D:1      | Reached XP level 2. HP: 22/25 MP: 3/5
   822 | D:1      | Slain by a kobold

Illustrated notes

Levels and vault maps discovered:
D:1:      elethiomel_arrival_quiet, layout_basic, nrook_uturn

Action                   || total
-------------------------++-------
Melee: Unarmed           ||    15
       Headbutt          ||     1
 Cast: Beastly Appendage ||    11
 Abil: Spit Poison       ||    11
Armor: Robe              ||     4
Dodge: Dodged            ||    11

Table legend: (Time is in decaauts)
 A = Elapsed time spent in this place.
 B = Non-inter-level travel time spent in this place.
 C = Inter-level travel time spent in this place.
 D = Time resting spent in this place.
 E = Time spent auto-exploring this place.
 F = Levels seen in this place.
 G = Mean time per level.
                   A        B        C        D        E       F      G
               +--------+--------+--------+--------+--------+-----+--------+
         Total |    954 |    954 |      0 |      4 |    838 |   1 |  954.0 |
       Dungeon |    954 |    954 |      0 |      4 |    838 |   1 |  954.0 |
               +--------+--------+--------+--------+--------+-----+--------+

Top non-repeatable levels by time:
     D:1: 954 daAuts
